 Dungeon Crawl Stone Soup version 0.22-a0-803-gd6d8abeff0 (webtiles) character file.

1698 PikkenKukken the Skirmisher (level 8, -11/64 HPs)
             Began as a Demonspawn Fighter on July 22, 2018.
             Mangled by an orc warrior
             ... wielding a +0 long sword
              (19 damage)
             ... on level 6 of the Dungeon.
             The game lasted 00:17:49 (8460 turns).

PikkenKukken the Skirmisher (Demonspawn Fighter)    Turns: 8460, Time: 00:17:49

Health: -11/64     AC: 11    Str: 17    XL:     8   Next: 72%
Magic:  10/10      EV: 12    Int: 10    God:
Gold:   384        SH:  9    Dex: 14    Spells: 7/7 levels left

rFire    . . .     SeeInvis .   a - +1 rapier
rCold    . . .     Gourm    +   c - +0 shield
rNeg     . . .     Faith    .   m - +0 scale mail {MR+}
rPois    .         Spirit   .   v - +0 helmet (curse)
rElec    .         Reflect  .   k - +0 cloak {+Inv}
rCorr    .         Harm     .   (no gloves)
MR       +....                  (no boots)
Stlth    ++........             y - amulet of the gourmand
HPRegen  0.20/turn              n - +3 ring of evasion
MPRegen  0.12/turn              (no ring)

@: no status effects
A: iridescent scales 1, nightstalker 1, powered by death 2
a: Evoke Invisibility


You were on level 6 of the Dungeon.
You were very full.

You visited 2 branches of the dungeon, and saw 8 of its levels.

You collected 384 gold pieces.

Inventory:

Hand Weapons
 a - a +1 rapier (weapon)
Armour
 b - a +0 scale mail
 c - a +0 shield (worn)
 e - a +1 helmet
 k - a +0 cloak of invisibility (worn)
 m - a +0 scale mail of magic resistance (worn)
 v - a cursed +0 helmet (worn)
Jewellery
 n - a +3 ring of evasion (left hand)
 y - an amulet of the gourmand (around neck)
Wands
 d - a wand of iceblast (8)
Scrolls
 g - a scroll of enchant armour
 h - 2 scrolls of magic mapping
 i - a scroll of identify
 j - 2 scrolls of teleportation
 l - 2 scrolls of remove curse
 p - a scroll of blinking
 s - 2 scrolls of enchant weapon
Potions
 o - 2 potions of heal wounds
 q - a potion of flight
 r - a potion of ambrosia
 t - a potion of magic
 w - 2 potions of invisibility
 x - a potion of curing
Comestibles
 f - 7 rations
 u - 4 chunks of flesh


   Skills:
 + Level 5.7 Fighting
 + Level 4.5 Short Blades
 + Level 4.9 Armour
 + Level 3.6 Dodging
 + Level 4.3 Stealth
 - Level 3.1 Shields
 + Level 3.7 Evocations


You had 7 spell levels left.
You didn't know any spells.
Your spell library contained the following spells:

 Spells                   Type           Power        Failure   Level  Hunger
 Bolt of Draining         Conj/Necr      #.........   100%        5    ######.
 Dispel Undead            Necr           #.......     100%        5    ######.
 Sublimation of Blood     Necr           #.........   100%        2    ###....
 Corpse Rot               Necr           N/A          100%        2    ###....
 Agony                    Necr           #.......     100%        5    ######.
 Excruciating Wounds      Chrm/Necr      #.........   100%        5    ######.


Dungeon Overview and Level Annotations

Branches:
Dungeon (7/15)             Temple (1/1) D:4

Altars:
Ashenzari
Cheibriados
Elyvilon
Fedhas
Gozag
Hepliaklqana
Nemelex Xobeh
Okawaru
Qazlal
Ru
Sif Muna
Trog
Uskayaw
Vehumet
Wu Jian
Xom
Yredelemnul
Zin
The Shining One

Shops:
D:3 *

Annotations:
D:5 3 runed doors, gasznak's ghost, novice GrEE
D:7 Menkaure


Innate Abilities, Weirdness & Mutations

You are partially covered in iridescent scales. (AC +2)
You are slightly more attuned to the shadows.
You regenerate health from kills.


Message History

You hit the orc warrior.
The orc warrior is almost dead.
You block the orc warrior's attack.
You closely miss the orc warrior.
The orc warrior is almost dead.
You block the orc warrior's attack.
You hit the orc warrior but do no damage.
The orc warrior is almost dead.
The orc warrior hits you but does no damage.
You closely miss the orc warrior.
The orc warrior is almost dead.
The orc warrior hits you but does no damage.
You closely miss the orc warrior.
The orc warrior is almost dead.
The orc warrior hits you with a long sword!
* * * LOW HITPOINT WARNING * * *
You hit the orc warrior but do no damage.
The orc warrior is almost dead.
The orc warrior hits you with a long sword!!
You die...

##..##.........................
#...#....#########...#########
##..#....# ##...## ##......#
##...## #...<.## ##...##
##....# #...## #....# ##..##
##...## ##o[[# #....###.@>##
#...###..)## ### #..###...##
###.. ##.##...## ##....
#.....## ##..... ###.....#
#...... ###......## #......
####....##.## #......
##....#####..# ######......


You could see an orc warrior.

Vanquished Creatures
  Grinder (D:4)
  A sky beast (D:6)
  2 phantoms (D:4)
  2 centaurs (D:5)
  2 scorpions
  A howler monkey (D:5)
  A crimson imp (D:5)
  2 hounds
  A jelly (D:6)
  A quasit (D:5)
  A gnoll shaman (D:5)
  5 orc wizards
  3 orc priests
  Crazy Yiuf (D:3)
  An iguana (D:6)
  Natasha (thrice) (D:4)
  5 worker ants
  Terence (D:3)
  Robin (D:2)
  3 gnolls
  10 adders
  2 shadow imps
  3 worms
  2 dart slugs
  3 leopard geckos
  12 orcs
  3 giant cockroaches
  19 goblins
  6 hobgoblins
  3 jackals (D:5)
  6 kobolds
  A quokka (D:3)
  2 ball pythons
  5 bats
  9 frilled lizards
  A jackal skeleton (D:4)
  A leopard gecko skeleton (D:6)
  A quokka skeleton (D:4)
  3 rats
130 creatures vanquished.

Vanquished Creatures (others)
  2 orcs (D:6)
2 creatures vanquished.

Grand Total: 132 creatures vanquished

Notes
Turn   | Place    | Note
-------+----------+-------------------------------------------
     0 | D:1      | PikkenKukken the Demonspawn Fighter began the quest for the Orb.
     0 | D:1      | Reached XP level 1. HP: 18/18 MP: 1/1
   249 | D:1      | Gained mutation: You are slightly more attuned to the shadows. [demonic ancestry]
   249 | D:1      | Reached XP level 2. HP: 24/24 MP: 2/2
   549 | D:2      | Found a sparkling altar of Nemelex Xobeh.
   600 | D:2      | Gained mutation: You regenerate a little health from kills. [demonic ancestry]
   600 | D:2      | Reached XP level 3. HP: 26/29 MP: 3/3
   631 | D:2      | Noticed Robin
   655 | D:2      | Killed Robin
   815 | D:2      | Reached skill level 1 in Stealth
  1452 | D:2      | Reached XP level 4. HP: 34/35 MP: 4/4
  1946 | D:3      | Found a blossoming altar of Fedhas.
  2156 | D:3      | Found a white marble altar of Elyvilon.
  2397 | D:3      | Reached skill level 1 in Dodging
  2397 | D:3      | Reached XP level 5. HP: 18/42 MP: 5/5
  2659 | D:3      | Found Zin's Purification Station.
  2662 | D:3      | Noticed Terence
  2685 | D:3      | Killed Terence
  2729 | D:3      | Found a glowing silver altar of Zin.
  2860 | D:3      | Found a runed door.
  2994 | D:3      | Noticed Crazy Yiuf
  3000 | D:3      | Killed Crazy Yiuf
  3000 | D:3      | Reached skill level 4 in Fighting
  3277 | D:4      | Noticed a phantom
  3319 | D:4      | Reached skill level 1 in Evocations
  3328 | D:4      | Reached XP level 6. HP: 22/48 MP: 6/6
  3844 | D:4      | Noticed Natasha
  3852 | D:4      | Killed Natasha
  3856 | D:4      | Found a staircase to the Ecumenical Temple.
  3903 | D:3      | You fall through a shaft for 3 floors!
  4419 | D:5      | Entered Level 5 of the Dungeon
  4832 | Temple   | Entered the Ecumenical Temple
  5117 | D:4      | Gained mutation: You are partially covered in iridescent scales. (AC +2) [demonic ancestry]
  5117 | D:4      | Reached XP level 7. HP: 49/55 MP: 8/8
  5254 | D:4      | Noticed Natasha
  5259 | D:4      | Killed Natasha
  5388 | D:4      | Noticed Natasha
  5398 | D:4      | Killed Natasha
  5710 | D:4      | Noticed Grinder
  5716 | D:4      | Paralysed by Grinder for 7 turns
  5728 | D:4      | Killed Grinder
  5772 | D:4      | Found a snail-covered altar of Cheibriados.
  5824 | D:4      | Reached skill level 5 in Fighting
  6131 | D:5      | Gained mutation: You regenerate health from kills. [demonic ancestry]
  6131 | D:5      | Reached XP level 8. HP: 32/62 MP: 10/10
  6382 | D:5      | Found a runed gate.
  6383 | D:5      | Noticed gasznak's ghost (novice GrEE)
  6384 | D:5      | Found a runed gate.
  6384 | D:5      | Found a runed gate.
  6407 | D:5      | Found an ornate altar of the Wu Jian Council.
  6508 | D:5      | Found a basalt altar of Yredelemnul.
  6508 | D:5      | Found a bloodstained altar of Trog.
  7324 | D:6      | Found a radiant altar of Vehumet.
  7428 | D:6      | Found a hazy altar of Hepliaklqana.
  8398 | D:7      | Noticed Menkaure
  8460 | D:6      | Mangled by an orc warrior

Vault maps used:
D:1:      elethiomel_arrival_infinity_welcomes_careful_drivers
D:2:      overflow_temple_1_default, minivault_11, uniq_robin
D:3:      zin_purify, fedhas_altar_3, elyvilon_altar_4, minmay_checkerbox,
          uniq_crazy_yiuf_cottage, uniq_terence
D:4:      kennysheep_six_static_rooms, kennysheep_slug_shrine, temple_fountains,
          uniq_grinder, uniq_natasha
D:5:      marbit_many_paths, gammafunk_temple_overflow_pools, first_ration,
          gammafunk_ghost_nasty_kobolds
D:6:      overflow_temple_1_default, lemuel_coloured_pillars_altar
D:7:      serial_shops, shop, uniq_menkaure
Temple:   compressed_dpeg_triangle_lava_temple

Skill      XL: |  1  2  3  4  5  6  7  8 |
---------------+-------------------------+-----
Short Blades   | 2 3 4 |  4.5
Armour         | 3 4 |  4.9
Shields        | 3 |  3.1
Stealth        | 1 2 3 4 |  4.3
Dodging        | 1 2 3 |  3.6
Fighting       | 4 5 |  5.7
Evocations     | 1 2 3 |  3.7

Action                   |  1- 3 |  4- 6 |  7- 9 || total
-------------------------+-------+-------+-------++-------
Melee: Rapier            |   150 |   262 |   326 ||   738
 Abil: Evoke Invisibilit |       |     1 |       ||     1
  Use: Scroll            |     3 |     7 |     7 ||    17
       Potion            |     2 |       |     1 ||     3
 Stab: Sleeping          |       |     2 |     4 ||     6
  Eat: Chunk             |     1 |     8 |    22 ||    31
       Ration            |       |     1 |       ||     1
Armor: Scale mail        |    65 |    96 |   120 ||   281
Dodge: Dodged            |    38 |    77 |   163 ||   278
Block: Shield            |    77 |   120 |   152 ||   349

Table legend:
 A = Spawn XP
 B = Non-spawn XP
 C = Spawn XP percentage of total XP
 D = Spawn monster count
 E = Non-spawn monster count
 F = Spawn count percentage of total count
 G = Total turns spent on level
                    A         B        C        D         E        F      G
               +---------+---------+-------+---------+---------+-------+---------
         Total |       0 |    2427 |   0.0 |       0 |     130 |   0.0 |  8460
               +---------+---------+-------+---------+---------+-------+---------
           D:1 |       0 |      16 |   0.0 |       0 |      11 |   0.0 |   847
           D:2 |       0 |     102 |   0.0 |       0 |      32 |   0.0 |   984
           D:3 |       0 |     191 |   0.0 |       0 |      21 |   0.0 |  1403
           D:4 |       0 |     821 |   0.0 |       0 |      26 |   0.0 |  1632
           D:5 |       0 |     677 |   0.0 |       0 |      22 |   0.0 |  1653
           D:6 |       0 |     609 |   0.0 |       0 |      17 |   0.0 |  1697
           D:7 |       0 |      11 |   0.0 |       0 |       1 |   0.0 |    14
               +---------+---------+-------+---------+---------+-------+---------
